 Seeded DCSS version 0.30.1-9-gdf580d7c3d (webtiles) character file.

Game seed: 15564010353742506684 (custom seed)

24 Psyclone the Conjurer (level 2, 15/15 HPs)
             Began as a Deep Elf Conjurer on Oct 6, 2023.
             Quit the game on level 1 of the Dungeon.
             The game lasted 00:02:02 (998 turns).

Psyclone the Conjurer (Deep Elf Conjurer)            Turns: 998, Time: 00:02:03

Health: 15/15      AC:  2    Str:  3 (4)  XL:     2   Next: 79%
Magic:  8/8        EV: 12    Int: 21 (22) God:
Gold:   52         SH:  0    Dex: 10 (13) Spells: 6/7 levels left

rFire   . . .        (no weapon)
rCold   . . .        (no shield)
rNeg    . . .        a - +0 robe
rPois   .            (no helmet)
rElec   .            (no cloak)
rCorr   .            (no gloves)
SInv    .            (no boots)
Will    .....        (no amulet)
Stlth   ++           (no ring)
HPRegen 0.22/turn    (no ring)
MPRegen 0.11/turn

%: no passive effects
@: flying
A: no striking features
a: no special abilities


You were on level 1 of the Dungeon.
You visited 1 branch of the dungeon, and saw 1 of its levels.

You collected 52 gold pieces.

Inventory:

Armour
 a - a +0 robe (worn)
 j - a +0 pair of boots
 k - a +0 buckler
Jewellery
 c - the amulet of Immorality {Reflect rCorr SH+5}
   (You acquired it on level 1 of the Dungeon)

   [amulet of reflection]

   It reflects blocked missile attacks.
   rCorr:     It protects you from acid and corrosion.
   SH:        It affects your SH (+5).
Scrolls
 e - a scroll of immolation
 f - a scroll of fog
 h - 4 scrolls of teleportation {unknown}
Potions
 b - a potion of magic
 d - 3 potions of degeneration


   Skills:
 - Level 2.4 Dodging
 - Level 2.4 Stealth
 - Level 3.0 Spellcasting
 + Level 5.4 Conjurations


You had 6 spell levels left.
You knew the following spells:

 Your Spells              Type           Power      Damage    Failure   Level
a - Magic Dart            Conj           100%       1d8       1%          1

Your spell library contained the following spells:

 Spells                   Type           Power      Damage    Failure   Level
 Searing Ray              Conj           50%        2d6       2%          2
 Dazzling Flash           Conj/Hex       28%        N/A       13%         3
 Fulminant Prism          Conj/Hex       7%         3d7       41%         4
 Iskenderun's Mystic Bla  Conj/Tloc      14%        2d5       41%         4
 Manifold Assault         Tloc           3%         N/A       78%         4
 Dispersal                Tloc           1%         N/A       100%        6
 Disjunction              Tloc           1%         N/A       100%        8


Dungeon Overview and Level Annotations

Branches:
Dungeon (1/15) Zot: 5002

Altars:


Message History

You kill the goblin!
You now have 7/8 mp.
Casting: Magic Dart (safe; 1% risk of failure)
Confirm with . or Enter, or press ? or * to list all spells.
You can't see any susceptible monsters within range! (Use Z to cast anyway.) Unknown command.
Casting: Magic Dart (safe; 1% risk of failure)
Confirm with . or Enter, or press ? or * to list all spells.
You can't see any susceptible monsters within range! (Use Z to cast anyway.) Unknown command.
Casting: Magic Dart (safe; 1% risk of failure)
Confirm with . or Enter, or press ? or * to list all spells.
You can't see any susceptible monsters within range! (Use Z to cast anyway.) Unknown command.
Done exploring.
MP restored: 8 Search for what [? for help]? .
You see here a +0 dagger.
You see here a +0 pair of boots.
j - a +0 pair of boots Search for what [Enter for "."]?
You see here a +0 buckler.
k - a +0 buckler
As you read the scroll labelled VAOCYN YDUL, it crumbles to dust.
It is a scroll of identify.
e - a scroll of immolation
As you read the scroll of identify {@r1}, it crumbles to dust.
f - a scroll of fog This is a scroll of acquirement!
Something appears at your feet!
c - the amulet of Immorality {Reflect rCorr SH+5} It was a potion of flight.
You feel very buoyant.
You fly up into the air.
It was a potion of degeneration.
There was something very wrong with that liquid.
You feel weakened.
You feel dopey.
You feel clumsy.
Unknown command.
Unknown command.
Unknown command.
Are you sure you want to abandon this character and quit the game? (Confirm with "yes".)

#################
#.†.............#
#.#############.#
#.............#.#
############
#.###########.#@#
#..........#
#..........##.#.#
#..........#
#.########.##.#.#
#..........# #.# #....#.#.#
#..........# #.# #.#..#.#.#
#..........# #.#
#.###..#.###..........# #.#
#...............†..####
##.##########.>#.######....#
#..........#...#.# #....#


There were no monsters in sight!

Vanquished Creatures
  A bat (D:1)
  3 endoplasms (D:1)
  3 goblins (D:1)
  4 hobgoblins (D:1)
  2 jackals (D:1)
  A quokka (D:1)
  3 frilled lizards (D:1)
  3 kobolds (D:1)
  2 rats (D:1)
22 creatures vanquished.

Notes
Turn   | Place    | Note
-------+----------+-------------------------------------------
     0 | D:1      | Psyclone the Deep Elf Conjurer began the quest for the Orb.
     0 | D:1      | Reached XP level 1. HP: 10/10 MP: 6/6
   359 | D:1      | Reached XP level 2. HP: 15/15 MP: 6/8
   446 | D:1      | Reached skill level 5 in Conjurations
   992 | D:1      | Identified a scroll of acquirement
   992 | D:1      | Acquired the amulet of Immorality {Reflect rCorr SH+5}
   998 | D:1      | Quit the game

Illustrated notes

Levels and vault maps discovered:
D:1:      lemuel_arrival_rhombus, layout_basic, nrook_mini_vaults,
          nicolae_eternal_life

Skill      XL: |  1  2 |
---------------+-------+-----
Conjurations   | 5 |  5.4
Dodging        | |  2.4
Stealth        | |  2.4
Spellcasting   | |  3.0

Action                     || total
---------------------------++-------
   Cast: Magic Dart        ||    31
    Use: Scroll            ||     3
         Potion            ||     2
  Dodge: Dodged            ||     1
